 Dungeon Crawl Stone Soup version 0.28.0-53-g5a82cb258f (webtiles) character file.

Game seed: 8248357667617850546

261 issech the Chopper (level 5, -1/47 HPs)
             Began as a Minotaur Monk on June 19, 2022.
             Slain by an ogre
             ... wielding a +0 giant club
              (26 damage)
             ... on level 4 of the Dungeon.
             The game lasted 00:07:50 (3196 turns).

issech the Chopper (Minotaur Monk)                  Turns: 3196, Time: 00:07:50

Health: -1/47      AC: 10    Str: 16    XL:     5   Next: 96%
Magic:  4/4        EV:  8    Int:  7    God:
Gold:   87         SH:  0    Dex: 14    Spells: 4/4 levels left

rFire   . . .      SeeInvis .   s - +0 war axe
rCold   . . .      Faith    +   (no shield)
rNeg    . . .      Spirit   .   z - +0 chain mail
rPois   .          Reflect  .   (helmet restricted)
rElec   .          Harm     .   i - +0 cloak
rCorr   .          Rampage  .   (no gloves)
Will    .....                   (no boots)
Stlth   ..........              d - amulet of faith
HPRegen 0.15/turn               (no ring)
MPRegen 0.09/turn               (no ring)

@: no status effects
A: horns 2, retaliatory headbutt
a: no special abilities


You were on level 4 of the Dungeon.
You visited 1 branch of the dungeon, and saw 4 of its levels.

You collected 87 gold pieces.

Inventory:

Hand Weapons
 l - a +0 flail
 m - a +2 dagger of venom
 s - a +0 war axe (weapon)
 u - a +0 hunting sling
Missiles
 e - 2 poisoned darts
 q - 27 arrows
 r - 68 stones
 w - 3 silver boomerangs
 y - 2 boomerangs (quivered)
Armour
 i - a +0 cloak (worn)
 z - a +0 chain mail (worn)
Jewellery
 d - an amulet of faith (around neck)
 j - a ring of fire
Scrolls
 b - a scroll of enchant armour {unknown}
 c - a scroll of vulnerability {unknown}
 f - 3 scrolls of identify {unknown}
 h - 2 scrolls of enchant weapon {unknown}
 k - a scroll of fog {unknown}
 o - 3 scrolls of teleportation {unknown}
 A - a scroll of magic mapping {unknown}
Potions
 g - 2 potions of lignification {unknown}
 n - 3 potions of curing {unknown}
 p - a potion of heal wounds {unknown}
 t - a potion of flight {unknown}
 v - a potion of mutation {unknown}
 x - a potion of attraction {unknown}


   Skills:
 + Level 4.9 Fighting
 + Level 5.8 Axes
 + Level 2.8 Armour
 + Level 4.0 Dodging
 + Level 2.0 Stealth


You had 4 spell levels left.
You didn't know any spells.
Your spell library contained the following spells:

 Spells                   Type           Power      Damage    Failure   Level
 Beastly Appendage        Tmut           0%         N/A       100%        1
 Sublimation of Blood     Necr           0%         N/A       100%        2
 Wereblood                Tmut           0%         N/A       100%        2
 Spider Form              Tmut/Pois      0%         N/A       100%        3
 Summon Hydra             Summ           0%         N/A       100%        7
 Chain Lightning          Conj/Air       0%         N/A       100%        9
 Fire Storm               Conj/Fire      0%         5d1       100%        9
 Shatter                  Erth           0%         3d5*      100%        9


Dungeon Overview and Level Annotations

Branches:
Dungeon (4/15)
 Temple: D:4-7

Altars:
Sif Muna

Shops:
D:2 (((


Innate Abilities, Weirdness & Mutations

You have a pair of horns on your head.
You reflexively headbutt those who attack you in melee.


Message History

You feel sick.
You are no longer poisoned.
You now have 87 gold pieces (gained 8).
Okay, then.
You drop a +0 hand axe.
You start resting.
HP restored.
Okay, then.
Menkaure, Prince of Dust comes into view.
Menkaure shouts!
You slash Menkaure!
Menkaure is heavily damaged.
You hit Menkaure. You headbutt Menkaure.
Menkaure is severely damaged.
Menkaure calls on the powers of darkness!
Your body is wracked with pain!
You barely miss Menkaure.
Menkaure is severely damaged.
Menkaure casts a spell.
Menkaure seems to speed up.
You hit Menkaure.
You destroy Menkaure!
Your Dodging skill increases to level 4!
Your Stealth skill increases to level 2!
You start resting.
HP restored.
An endoplasm comes into view.
The endoplasm hits you but does no damage.
You hit the endoplasm. You headbutt the endoplasm.
You kill the endoplasm!
An ogre comes into view. It is wielding a +0 giant club.
The ogre barely misses you.
You slash the ogre! You headbutt the ogre!
The ogre is almost dead.
The ogre hits you with a +0 giant club!!
You hit the ogre but do no damage. You punch the ogre.
The ogre is almost dead.
The ogre hits you with a +0 giant club!!
Ouch! That really hurt!
You die...

#### .....## ######
.......############.....
#O@............####
################ # # # #
# # #


You could see an ogre.

Vanquished Creatures
  Menkaure (D:4)
  An iguana (D:3)
  Robin (D:3)
  2 adders
  A gnoll (D:1)
  3 worms
  A dart slug (D:2)
  3 orcs (D:3)
  4 ball pythons
  6 endoplasms
  4 giant cockroaches
  10 goblins
  4 hobgoblins
  4 jackals (D:1)
  3 quokkas
  6 bats
  3 frilled lizards
  6 kobolds
  5 rats
68 creatures vanquished.

Notes
Turn   | Place    | Note
-------+----------+-------------------------------------------
     0 | D:1      | issech the Minotaur Monk began the quest for the Orb.
     0 | D:1      | Reached XP level 1. HP: 19/19 MP: 0/0
   289 | D:1      | Reached XP level 2. HP: 27/27 MP: 1/1
   576 | D:1      | Reached skill level 4 in Axes
   576 | D:1      | Reached XP level 3. HP: 33/33 MP: 2/2
   985 | D:2      | Found Kuewarph's Antique Weapon Boutique.
  1005 | D:2      | Found Osech's Weapon Emporium.
  1068 | D:2      | Found Ihuo's Weapon Shoppe.
  1173 | D:2      | Reached skill level 1 in Armour
  1790 | D:3      | Reached XP level 4. HP: 41/41 MP: 3/3
  1861 | D:3      | Found a shimmering blue altar of Sif Muna.
  2298 | D:3      | Noticed Robin
  2303 | D:3      | Killed Robin
  2304 | D:3      | Reached skill level 5 in Axes
  2811 | D:4      | Reached XP level 5. HP: 25/47 MP: 4/4
  2998 | D:4      | Noticed Menkaure
  3002 | D:4      | Killed Menkaure
  3192 | D:4      | Noticed an ogre
  3196 | D:4      | Slain by an ogre

Illustrated notes

Levels and vault maps discovered:
D:1:      matt_arrival_diagonals, layout_loops_ring, corexii_corridor_pit,
          minmay_fountain_box
D:2:      layout_loops_cross, serial_shops, shop, shop, shop_statue
D:3:      layout_loops_ring, nicolae_sif_muna_condensation, uniq_robin
D:4:      cheibrodos_old_hovel, layout_loops_ring, uniq_menkaure

Skill      XL: |  1  2  3  4  5 |
---------------+----------------+-----
Fighting       | 4 |  4.9
Axes           | 4 5 |  5.8
Armour         | 1 2 |  2.8
Dodging        | 4 |  4.0
Stealth        | 2 |  2.0

Action                   |  1- 3 |  4- 6 || total
-------------------------+-------+-------++-------
Melee: Hand axe          |    88 |       ||    88
       Headbutt          |    16 |     8 ||    24
       War axe           |    13 |    72 ||    85
       Punch             |     1 |     1 ||     2
 Stab: Sleeping          |     1 |       ||     1
Armor: Robe              |     3 |       ||     3
       Ring mail         |    17 |       ||    17
       Scale mail        |    29 |    26 ||    55
       Chain mail        |       |    13 ||    13
Dodge: Dodged            |    86 |    40 ||   126
